| TOP OF THE 1ST |
|
Columbus Clippers batting - Pitching for Rochester Red Wings : RHP Brian Keyser
|
|
Pitching: RHP Brian Keyser
|
|
|
Batting: LHB Alex Hernandez
|
0-0: Ball 1-0: Called Strike 1-1: Called Strike 1-2: Strikes out looking
|
|
Batting: RHB Carlos Garcia
|
0-0: Ball 1-0: Called Strike 1-1: Fly out, F7 (Flyball, 78S, EV 86.9 MPH)
|
|
Batting: RHB Derrek Lee
|
0-0: Ball 1-0: Ball 2-0: Ball 3-0: Called Strike 3-1: Foul Ball, location: 2F 3-2: Fly out, F8 (Line Drive, 8RD, EV 85.0 MPH)
|
| Top of the 1st over - 0 runs, 0 hits, 0 errors, 0 left on base; Columbus 0 - Rochester 0 |
| BOTTOM OF THE 1ST |
|
Rochester Red Wings batting - Pitching for Columbus Clippers : RHP Kirk McCaskill
|
|
Pitching: RHP Kirk McCaskill
|
|
|
Batting: RHB Terrell Lowery
|
0-0: Called Strike 0-1: Foul Ball, location: 2F 0-2: Ball 1-2: Foul Ball, location: 2F 1-2: Ball 2-2: SINGLE (Line Drive, 7LM, EV 99.4 MPH)
|
|
Batting: RHB Jacob Brumfield
|
0-0: Ball 1-0: Ball 2-0: Called Strike 2-1: Fly out, F8 (Line Drive, 8RM, EV 100.6 MPH)
|
|
Batting: RHB Rich Aurilia
|
0-0: SINGLE (Line Drive, 56D, EV 98.1 MPH) Terrell Lowery to second
|
|
Batting: RHB Damon Mashore
|
0-0: Ball 1-0: Ball 2-0: Ball 3-0: Called Strike 3-1: Called Strike 3-2: SINGLE (Groundball, 56D, EV 96.9 MPH) Terrell Lowery to third Rich Aurilia to second Runner from 3rd tries for Home, SAFE, no throw by LF
|
|
Batting: LHB Tom Lampkin
|
0-0: Ball 1-0: Fly out, F8 (Flyball, 8LS, EV 86.3 MPH)
|
|
Batting: LHB Kevin Koslofski
|
0-0: Called Strike 0-1: Called Strike 0-2: Ball 1-2: Ball 2-2: Foul Ball, location: 2F 2-2: Fly out, F9 (Flyball, 9S, EV 88.1 MPH)
|
| Bottom of the 1st over - 1 run, 3 hits, 0 errors, 2 left on base; Columbus 0 - Rochester 1 |
| TOP OF THE 2ND |
|
Columbus Clippers batting - Pitching for Rochester Red Wings : RHP Brian Keyser
|
|
Batting: RHB Kevin Orie
|
0-0: Fly out, F9 (Flyball, 89S, EV 93.1 MPH)
|
|
Batting: RHB Wendell Magee
|
0-0: Swinging Strike 0-1: Called Strike 0-2: Fly out, F8 (Flyball, 8LM, EV 91.3 MPH)
|
|
Batting: RHB Tilson Brito
|
0-0: Called Strike 0-1: Called Strike 0-2: Ball 1-2: Ball 2-2: Foul Ball, location: 2F 2-2: Ball 3-2: Foul Ball, location: 2F 3-2: Foul Ball, location: 2F 3-2: DOUBLE (Groundball, 5L, EV 103.1 MPH)
|
|
Batting: LHB Chris Pritchett
|
0-0: Foul Ball, location: 2F 0-1: Ball 1-1: Ground out 6-3 (Groundball, 6, EV 94.4 MPH)
|
| Top of the 2nd over - 0 runs, 1 hit, 0 errors, 1 left on base; Columbus 0 - Rochester 1 |
| BOTTOM OF THE 2ND |
|
Rochester Red Wings batting - Pitching for Columbus Clippers : RHP Kirk McCaskill
|
|
Batting: RHB Tim Unroe
|
0-0: Ball 1-0: Bunt missed! 1-1: Ball 2-1: SINGLE (Flyball, 89S, EV 95.0 MPH)
|
|
Batting: RHB Rex Hudler
|
0-0: Foul Ball, location: 2F 0-1: Ball 1-1: Ball 2-1: DOUBLE (Line Drive, 3D, EV 97.5 MPH) Tim Unroe to third
|
|
Batting: RHB Tripp Cromer
|
0-0: Ball 1-0: Ball 2-0: Ball 3-0: Ground out 5-3 (Groundball, 56, EV 86.3 MPH) Tim Unroe scores
|
|
Batting: RHB Terrell Lowery
|
0-0: Ball 1-0: Ball 2-0: Ball 3-0: Base on Balls
|
|
Batting: RHB Jacob Brumfield
|
0-0: Called Strike 0-1: SINGLE (Groundball, 5S, EV 71.3 MPH) (infield hit) Rex Hudler to third Terrell Lowery to second
|
|
Batting: RHB Rich Aurilia
|
0-0: Ball 1-0: Fielders Choice at 2nd, 4-6 (Groundball, 4, EV 93.1 MPH) Rex Hudler scores Terrell Lowery to third
|
|
Batting: RHB Damon Mashore
|
0-0: Called Strike 0-1: Ball 1-1: Foul Ball, location: 2F 1-2: Strikes out swinging
|
| Bottom of the 2nd over - 2 runs, 3 hits, 0 errors, 2 left on base; Columbus 0 - Rochester 3 |
| TOP OF THE 3RD |
|
Columbus Clippers batting - Pitching for Rochester Red Wings : RHP Brian Keyser
|
|
Batting: RHB Miguel Mejia
|
0-0: Ball 1-0: Ball 2-0: Called Strike 2-1: Foul Ball, location: 2F 2-2: Ground out 5-3 (Groundball, 56S, EV 90.0 MPH)
|
|
Batting: RHB Alberto T Castillo
|
0-0: Called Strike 0-1: Ball 1-1: Ball 2-1: Fly out, F4 (Line Drive, 4, EV 70.0 MPH)
|
|
Batting: LHB Alex Hernandez
|
0-0: Ball 1-0: Swinging Strike 1-1: Ball 2-1: Foul Ball, location: 2F 2-2: Ball 3-2: Foul Ball, location: 2F 3-2: Foul Ball, location: 2F 3-2: Base on Balls
|
|
Batting: RHB Carlos Garcia
|
0-0: Ball 1-0: Foul Ball, location: 2F 1-1: Foul Ball, location: 2F 1-2: Ball Alex Hernandez steals 2nd base 2-2: Foul Ball, location: 2F 2-2: Fly out, F8 (Line Drive, 8LM, EV 95.6 MPH)
|
| Top of the 3rd over - 0 runs, 0 hits, 0 errors, 1 left on base; Columbus 0 - Rochester 3 |
| BOTTOM OF THE 3RD |
|
Rochester Red Wings batting - Pitching for Columbus Clippers : RHP Kirk McCaskill
|
|
Batting: LHB Tom Lampkin
|
0-0: Ball 1-0: Ball 2-0: Foul Ball, location: 2F 2-1: Ball 3-1: Fly out, F9 (Flyball, 89D, EV 103.1 MPH)
|
|
Batting: LHB Kevin Koslofski
|
0-0: Called Strike 0-1: Ball 1-1: Ball 2-1: SINGLE (Flyball, 78S, EV 94.4 MPH)
|
|
Batting: RHB Tim Unroe
|
0-0: Swinging Strike 0-1: Ball 1-1: Ball 2-1: Ball 3-1: Foul Ball, location: 2F 3-2: Strikes out swinging Kevin Koslofski steals 2nd base Batter strikes out.
|
|
Batting: RHB Rex Hudler
|
0-0: Foul Ball, location: 2F 0-1: SINGLE (Line Drive, 78M, EV 90.0 MPH) Kevin Koslofski to third Runner from 3rd tries for Home, SAFE, throw by CF to home
|
|
Batting: RHB Tripp Cromer
|
0-0: Fly out, F7 (Flyball, 78D, EV 88.8 MPH)
|
| Bottom of the 3rd over - 1 run, 2 hits, 0 errors, 1 left on base; Columbus 0 - Rochester 4 |
| TOP OF THE 4TH |
|
Columbus Clippers batting - Pitching for Rochester Red Wings : RHP Brian Keyser
|
|
Batting: RHB Derrek Lee
|
0-0: Ball 1-0: Foul Ball, location: 2F 1-1: Swinging Strike 1-2: Ball 2-2: Foul Ball, location: 2F 2-2: Strikes out looking
|
|
Batting: RHB Kevin Orie
|
0-0: Ball 1-0: Ball 2-0: Foul Ball, location: 2F 2-1: Swinging Strike 2-2: SINGLE (Groundball, 6MD, EV 95.0 MPH)
|
|
Batting: RHB Wendell Magee
|
0-0: Grounds into double play, 4-6-3 (Groundball, 4, EV 85.0 MPH)
|
| Top of the 4th over - 0 runs, 1 hit, 0 errors, 0 left on base; Columbus 0 - Rochester 4 |
| BOTTOM OF THE 4TH |
|
Rochester Red Wings batting - Pitching for Columbus Clippers : RHP Kirk McCaskill
|
|
Batting: RHB Terrell Lowery
|
0-0: Called Strike 0-1: Ball 1-1: Called Strike 1-2: SINGLE (Line Drive, 8RS, EV 103.1 MPH)
|
|
Batting: RHB Jacob Brumfield
|
0-0: Ball 1-0: Ball 2-0: Fly out, F7 (Flyball, 7S, EV 88.8 MPH)
|
|
Batting: RHB Rich Aurilia
|
0-0: Ball 1-0: Called Strike 1-1: Ball 2-1: Called Strike 2-2: Strikes out looking
|
|
Batting: RHB Damon Mashore
|
0-0: Foul Ball, location: 2F 0-1: Fielders Choice at 2nd, 6-4 (Groundball, 6, EV 85.0 MPH)
|
| Bottom of the 4th over - 0 runs, 1 hit, 0 errors, 1 left on base; Columbus 0 - Rochester 4 |
| TOP OF THE 5TH |
|
Columbus Clippers batting - Pitching for Rochester Red Wings : RHP Brian Keyser
|
|
Batting: RHB Tilson Brito
|
0-0: Ball 1-0: Foul Ball, location: 2F 1-1: SINGLE (Line Drive, 3D, EV 100.0 MPH)
|
|
Pitching: LHP Brad Woodall
|
|
|
Batting: LHB Chris Pritchett
|
0-0: Called Strike 0-1: Fly out, F8 (Flyball, 78D, EV 83.8 MPH)
|
|
Batting: RHB Miguel Mejia
|
0-0: Called Strike 0-1: Foul Ball, location: 2F 0-2: Foul Ball, location: 2F 0-2: Ball 1-2: Ball 2-2: SINGLE (Groundball, 3D, EV 95.6 MPH) Tilson Brito to second Runner from 2nd tries for 3rd, SAFE, throw by RF made to third
|
|
Batting: RHB Alberto T Castillo
|
0-0: Ball 1-0: Foul Ball, location: 2F 1-1: Foul Ball, location: 2F 1-2: Ball 2-2: Fly out, F7 (Flyball, 78M, EV 82.5 MPH) Runner from 3rd tags up, OUT at HOME! 7-2
|
| Top of the 5th over - 0 runs, 2 hits, 0 errors, 1 left on base; Columbus 0 - Rochester 4 |
| BOTTOM OF THE 5TH |
|
Rochester Red Wings batting - Pitching for Columbus Clippers : RHP Kirk McCaskill
|
|
Batting: LHB Tom Lampkin
|
0-0: Ball 1-0: Ground out 4-3 (Groundball, 4, EV 98.1 MPH)
|
|
Batting: LHB Kevin Koslofski
|
0-0: Foul Ball, location: 2F 0-1: Foul Ball, location: 2F 0-2: Ball 1-2: Foul Ball, location: 2F 1-2: SINGLE (Line Drive, 78M, EV 99.4 MPH)
|
|
Batting: RHB Tim Unroe
|
0-0: Ball 1-0: Fly out, F7 (Flyball, 7S, EV 94.4 MPH)
|
|
Batting: RHB Rex Hudler
|
0-0: Ball 1-0: Swinging Strike 1-1: Fly out, F5 (Popup, 5, EV 72.5 MPH)
|
| Bottom of the 5th over - 0 runs, 1 hit, 0 errors, 1 left on base; Columbus 0 - Rochester 4 |
| TOP OF THE 6TH |
|
Columbus Clippers batting - Pitching for Rochester Red Wings : LHP Brad Woodall
|
|
Batting: LHB Alex Hernandez
|
0-0: Ball 1-0: SINGLE (Groundball, 34D, EV 98.8 MPH)
|
|
Batting: RHB Carlos Garcia
|
0-0: Foul Ball, location: 2F 0-1: Ball 1-1: Fly out, F9 (Flyball, 89M, EV 85.6 MPH)
|
|
Batting: RHB Derrek Lee
|
0-0: Called Strike 0-1: Foul Ball, location: 2F 0-2: Foul Ball, location: 2F 0-2: Foul Ball, location: 2F 0-2: Fly out, F8 (Line Drive, 8RM, EV 93.8 MPH)
|
|
Batting: RHB Kevin Orie
|
0-0: Ball 1-0: Ball 2-0: Called Strike 2-1: Called Strike 2-2: Ball 3-2: Ground out 6-3 (Groundball, 56, EV 110.6 MPH)
|
| Top of the 6th over - 0 runs, 1 hit, 0 errors, 1 left on base; Columbus 0 - Rochester 4 |
| BOTTOM OF THE 6TH |
|
Rochester Red Wings batting - Pitching for Columbus Clippers : RHP Kirk McCaskill
|
|
Batting: RHB Tripp Cromer
|
0-0: Ball 1-0: Fly out, F8 (Flyball, 8LD, EV 88.1 MPH)
|
|
Batting: RHB Terrell Lowery
|
0-0: Called Strike 0-1: Ball 1-1: DOUBLE (Flyball, 78XD, EV 108.8 MPH)
|
|
Batting: RHB Jacob Brumfield
|
0-0: Called Strike 0-1: Ground out 6-3 (Groundball, 6, EV 85.6 MPH) Terrell Lowery to third
|
|
Batting: RHB Rich Aurilia
|
0-0: Ball 1-0: Ball 2-0: Foul Ball, location: 2F 2-1: Foul Ball, location: 2F 2-2: Ball 3-2: Fly out, F7 (Flyball, 78S, EV 88.8 MPH)
|
| Bottom of the 6th over - 0 runs, 1 hit, 0 errors, 1 left on base; Columbus 0 - Rochester 4 |
| TOP OF THE 7TH |
|
Columbus Clippers batting - Pitching for Rochester Red Wings : LHP Brad Woodall
|
|
Batting: RHB Wendell Magee
|
0-0: Ball 1-0: Ball 2-0: Foul Ball, location: 2F 2-1: Swinging Strike 2-2: Strikes out swinging
|
|
Batting: RHB Tilson Brito
|
0-0: Swinging Strike 0-1: Ball 1-1: Ball 2-1: Ball 3-1: Foul Ball, location: 2F 3-2: Foul Ball, location: 2F 3-2: Strikes out swinging
|
|
Batting: LHB Chris Pritchett
|
0-0: Foul Ball, location: 2F 0-1: Foul Ball, location: 2F 0-2: Foul Ball, location: 2F 0-2: Strikes out swinging
|
| Top of the 7th over - 0 runs, 0 hits, 0 errors, 0 left on base; Columbus 0 - Rochester 4 |
| BOTTOM OF THE 7TH |
|
Rochester Red Wings batting - Pitching for Columbus Clippers : RHP Kirk McCaskill
|
|
Batting: RHB Damon Mashore
|
0-0: Ball 1-0: Called Strike 1-1: Called Strike 1-2: Ball 2-2: Ball 3-2: Fly out, F8 (Flyball, 8RS, EV 87.5 MPH)
|
|
Batting: LHB Tom Lampkin
|
0-0: Swinging Strike 0-1: Ball 1-1: Ball 2-1: DOUBLE (Groundball, 3L, EV 108.1 MPH)
|
|
Batting: LHB Kevin Koslofski
|
0-0: Foul Ball, location: 2F 0-1: Ball 1-1: Ground out 4-3 (Groundball, 4, EV 106.3 MPH) Tom Lampkin to third
|
|
Batting: RHB Tim Unroe
|
0-0: Called Strike 0-1: Ball 1-1: Ball 2-1: Swinging Strike 2-2: Ball 3-2: Fly out, F4 (Popup, 4S, EV 74.4 MPH)
|
| Bottom of the 7th over - 0 runs, 1 hit, 0 errors, 1 left on base; Columbus 0 - Rochester 4 |
| TOP OF THE 8TH |
|
Columbus Clippers batting - Pitching for Rochester Red Wings : LHP Brad Woodall
|
|
Pitching: RHP Tim Scott
|
|
|
Batting: RHB Miguel Mejia
|
0-0: SINGLE (Flyball, 6D, EV 84.4 MPH)
|
|
Batting: RHB Alberto T Castillo
|
0-0: Swinging Strike 0-1: Ball 1-1: Foul Ball, location: 2F 1-2: Strikes out swinging
|
|
Batting: LHB Alex Hernandez
|
0-0: Ball 1-0: Ball 2-0: Ball 3-0: Called Strike 3-1: Base on Balls Miguel Mejia to second
|
|
Batting: RHB Carlos Garcia
|
0-0: Foul Ball, location: 2F 0-1: Swinging Strike 0-2: Fielders Choice at 2nd, 4-6 (Groundball, 4, EV 104.4 MPH) Miguel Mejia to third
|
|
Batting: RHB Derrek Lee
|
0-0: Foul Ball, location: 2F 0-1: Swinging Strike 0-2: Strikes out looking
|
| Top of the 8th over - 0 runs, 1 hit, 0 errors, 2 left on base; Columbus 0 - Rochester 4 |
| BOTTOM OF THE 8TH |
|
Rochester Red Wings batting - Pitching for Columbus Clippers : RHP Kirk McCaskill
|
|
Pitching: RHP Greg Gohr
|
|
|
Batting: RHB Rex Hudler
|
0-0: Called Strike 0-1: Swinging Strike 0-2: Foul Ball, location: 2F 0-2: Foul Ball, location: 2F 0-2: Ball 1-2: Foul Ball, location: 2F 1-2: Ball 2-2: Strikes out swinging
|
|
Batting: RHB Tripp Cromer
|
0-0: SINGLE (Flyball, 78S, EV 89.4 MPH)
|
|
Batting: RHB Terrell Lowery
|
0-0: Ball 1-0: Ball 2-0: Ball 3-0: Swinging Strike 3-1: Base on Balls Tripp Cromer to second
|
|
Pitching: RHP Chris Brock
|
|
|
Batting: RHB Jacob Brumfield
|
0-0: Ball 1-0: Ball 2-0: Foul Ball, location: 2F 2-1: Swinging Strike 2-2: SINGLE (Flyball, 89M, EV 93.8 MPH) Tripp Cromer to third Terrell Lowery to second
|
|
Batting: RHB Rich Aurilia
|
0-0: Ball 1-0: Foul Ball, location: 2F 1-1: Foul Ball, location: 2F 1-2: Ball 2-2: Strikes out looking
|
|
Batting: RHB Damon Mashore
|
0-0: Swinging Strike 0-1: SINGLE (Groundball, 56D, EV 98.1 MPH) Tripp Cromer scores Terrell Lowery to third Jacob Brumfield to second Runner from 3rd tries for Home, SAFE, throw by LF to home
|
|
Batting: LHB Tom Lampkin
|
0-0: Called Strike 0-1: Foul Ball, location: 2F 0-2: Ball 1-2: Ball 2-2: Ball 3-2: SINGLE (Groundball, 4MD, EV 95.0 MPH) Jacob Brumfield to third Damon Mashore to second Jacob Brumfield scores Damon Mashore to third
|
|
Pinch Hitting: LHB Quinn Mack
|
0-0: Ball 1-0: Fly out, F8 (Flyball, 8RD, EV 105.6 MPH)
|
| Bottom of the 8th over - 3 runs, 4 hits, 0 errors, 2 left on base; Columbus 0 - Rochester 7 |
| TOP OF THE 9TH |
|
Columbus Clippers batting - Pitching for Rochester Red Wings : RHP Tim Scott
|
|
Now in CF: Darren Reed
|
|
|
Batting: RHB Kevin Orie
|
0-0: Called Strike 0-1: Foul Ball, location: 2F 0-2: Ball 1-2: Ball 2-2: Foul Ball, location: 2F 2-2: Foul Ball, location: 2F 2-2: Ground out 4-3 (Groundball, 4, EV 107.5 MPH)
|
|
Batting: RHB Wendell Magee
|
0-0: Ball 1-0: Ball 2-0: Ball 3-0: Base on Balls
|
|
Batting: RHB Tilson Brito
|
0-0: SINGLE (Groundball, 4MD, EV 100.0 MPH) Wendell Magee to second
|
|
Batting: LHB Chris Pritchett
|
0-0: Swinging Strike 0-1: Ball 1-1: Foul Ball, location: 2F 1-2: Strikes out swinging
|
|
Batting: RHB Miguel Mejia
|
0-0: Ball 1-0: Called Strike 1-1: Ball 2-1: Ball 3-1: Called Strike 3-2: SINGLE (Line Drive, 78S, EV 96.3 MPH) Wendell Magee to third Tilson Brito to second Wendell Magee scores Tilson Brito to third
|
|
Batting: RHB Alberto T Castillo
|
0-0: Ball 1-0: Fly out, F8 (Flyball, 8RD, EV 86.9 MPH)
|
| Top of the 9th over - 1 run, 2 hits, 0 errors, 2 left on base; Columbus 1 - Rochester 7 |
|